 Dungeon Crawl Stone Soup version 0.28.0-49-g6dfe1f597d (webtiles) character file.

Game seed: 12386641281756615340

1087 Zeld the Ogre Mage (level 8, -2/79 HPs)
             Began as an Ogre Transmuter on May 19, 2022.
             Succumbed to a scorpion's poison
             ... on level 7 of the Dungeon.
             The game lasted 00:05:07 (6885 turns).

Zeld the Ogre Mage (Ogre Transmuter)                Turns: 6885, Time: 00:05:07

Health: -2/79      AC:  4    Str: 17    XL:     8   Next: 30%
Magic:  4/17       EV: 10    Int: 14    God:
Gold:   108        SH:  0    Dex:  9    Spells: 9/19 levels left

rFire   . . .      SeeInvis .     - Unarmed
rCold   . . .      Faith    .   (no shield)
rNeg    . . .      Spirit   .   a - +0 robe
rPois   .          Reflect  .   (helmet restricted)
rElec   .          Harm     .   g - +0 cloak
rCorr   .          Rampage  .   (gloves unavailable)
Will    .....                   (boots unavailable)
Stlth   +.........              (no amulet)
HPRegen 0.23/turn               (no ring)
MPRegen 0.15/turn               (no ring)

@: lethally poisoned (-2 -> -18), slightly contaminated
A: large, unfitting armour, tough skin 1
a: no special abilities


You were on level 7 of the Dungeon.
You visited 1 branch of the dungeon, and saw 7 of its levels.

You collected 144 gold pieces.
You spent 36 gold pieces at shops.

Inventory:

Armour
 a - a +0 robe (worn)
 g - a +0 cloak (worn)
Jewellery
 i - a ring of protection from cold
Wands
 n - a wand of paralysis (13)
 p - a wand of flame (18)
Scrolls
 b - 2 scrolls of amnesia {unknown}
 c - 5 scrolls of identify {unknown}
 d - 2 scrolls of enchant weapon {unknown}
 f - 2 scrolls of magic mapping {unknown}
 l - 3 scrolls of immolation {unknown}
 q - a scroll of silence {unknown}
 u - a scroll of holy word {unknown}
Potions
 e - a potion of degeneration {unknown}
 h - a potion of cancellation {unknown}
 j - a potion of brilliance {unknown}
 k - 2 potions of haste {unknown}
 m - 2 potions of curing {unknown}
 o - a potion of resistance {unknown}
 r - a potion of attraction {unknown}
 s - 2 potions of flight
 t - 2 potions of heal wounds {unknown}


   Skills:
 + Level 4.6 Fighting
 + Level 3.5 Dodging
 - Level 2.6 Unarmed Combat
 * Level 6.2 Spellcasting
 * Level 4.8 Transmutations
 - Level 2.0 Ice Magic
 - Level 2.0 Poison Magic


You had 9 spell levels left.
You knew the following spells:

 Your Spells              Type           Power      Damage    Failure   Level
a - Beastly Appendage     Tmut           36%        N/A       1%          1
b - Wereblood             Tmut           18%        N/A       3%          2
c - Spider Form           Tmut/Pois      13%        N/A       12%         3
d - Ice Form              Ice/Tmut       13%        N/A       36%         4

Your spell library contained the following spells:

 Spells                   Type           Power      Damage    Failure   Level
 Passwall                 Tmut/Erth      9%         N/A       9%          2
 Summon Small Mammal      Summ           16%        N/A       16%         1
 Ensorcelled Hibernation  Hex/Ice        14%        N/A       16%         2
 Call Canine Familiar     Summ           4%         N/A       43%         3
 Summon Guardian Golem    Hex/Summ       4%         N/A       43%         3
 Swiftness                Air            4%         N/A       43%         3


Dungeon Overview and Level Annotations

Branches:
Dungeon (7/15)
 Temple: D:4-7

Altars:
Ashenzari
Cheibriados
Elyvilon
Hepliaklqana
Kikubaaqudgha
Okawaru
Ru
Trog
Zin

Shops:
D:5 !

Annotations:
D:4 2 transporters, bnorton916's ghost, amateur DEFE
D:5 1 runed translucent door, croobank's ghost, novice GnFE
D:6 Dowan


Innate Abilities, Weirdness & Mutations

You are too large for most types of armour.
You have tough skin. (AC +1)


Message History

The scorpion stings you.
You are lethally poisoned!
The scorpion poisons you!
You barely miss the scorpion.
The scorpion is almost dead.
You feel extremely sick.
You kill the scorpion!
Your transformation is almost over.
You feel extremely sick.
There is a lethal amount of poison in your body!
There is a lethal amount of poison in your body!
There is a lethal amount of poison in your body!
There is a lethal amount of poison in your body!
Casting: Spider Form (dangerous; 28% risk of failure)
Confirm with . or Enter, or press ? or * to list all spells.
The spell is quite dangerous to miscast (58% risk of failure)!
Continue anyway?
Okay, then.
Your transformation has ended.
Your +0 cloak unmelds from your body.
Your +0 robe unmelds from your body.
You feel extremely sick.
Casting: Ice Form (dangerous; 36% risk of failure)
Confirm with . or Enter, or press ? or * to list all spells.
You miscast Ice Form.
You are very lightly contaminated with residual magic.
Nothing appears to happen.
* * * LOW HITPOINT WARNING * * *
You feel very sick.
Casting: Ice Form (dangerous; 36% risk of failure)
Confirm with . or Enter, or press ? or * to list all spells.
You miscast Ice Form.
Strange energies run through your body.
* * * LOW HITPOINT WARNING * * *
You feel very sick.
Unknown command.
Casting: Ice Form (dangerous; 36% risk of failure)
Confirm with . or Enter, or press ? or * to list all spells.
You miscast Ice Form.
You are lightly contaminated with residual magic.
Frost covers your body!
* * * LOW HITPOINT WARNING * * *
You die...

#... #...# #... ### #....
.. ##... .$.###...#####.#
....#### #.............#
.#.....# .............
.......# # .........
#.....#.# #...#.###.#
##......)# #(@.......#
....#.#### #...#.####
#####.# # #...# # ..#
#.#######.#...#.#
#.###.......#.......#
.......####.####.####
#.####.####.###.....#
#.##............#...######
..##.#.#.................#


There were no monsters in sight!

Vanquished Creatures
  An ice beast (D:4)
  An ogre (D:4)
  A centaur (D:5)
  3 scorpions
  A water moccasin zombie (D:5)
  A water moccasin skeleton (D:4)
  A gnoll shaman (D:4)
  3 hounds
  An orc priest (D:4)
  2 iguanas
  Terence (D:3)
  4 orc wizards
  A mummy (D:4)
  5 gnolls (D:4)
  3 adders
  2 shadow imps
  A white imp (D:5)
  6 dart slugs
  10 orcs
  11 ball pythons
  5 endoplasms
  A giant cockroach (D:4)
  8 goblins
  11 hobgoblins
  6 jackals
  3 quokkas
  3 bats
  3 frilled lizards
  6 kobolds
  6 rats
111 creatures vanquished.

Vanquished Creatures (others)
  2 withered plants (D:5)
2 creatures vanquished.

Grand Total: 113 creatures vanquished

Notes
Turn   | Place    | Note
-------+----------+-------------------------------------------
     0 | D:1      | Zeld the Ogre Transmuter began the quest for the Orb.
     0 | D:1      | Reached XP level 1. HP: 19/19 MP: 3/3
   561 | D:1      | Reached XP level 2. HP: 27/27 MP: 3/5
   604 | D:1      | Learned a level 2 spell: Wereblood
   677 | D:1      | Found a faded altar of an unknown god.
  1120 | D:2      | Found a hazy altar of Hepliaklqana.
  1251 | D:2      | Reached skill level 3 in Spellcasting
  1251 | D:2      | Reached XP level 3. HP: 19/35 MP: 4/7
  1255 | D:2      | Learned a level 3 spell: Spider Form
  1911 | D:3      | Noticed Terence
  1920 | D:3      | Killed Terence
  1921 | D:3      | Reached XP level 4. HP: 33/44 MP: 1/9
  1933 | D:3      | Found a bloodstained altar of Trog.
  2213 | D:3      | Found a white marble altar of Elyvilon.
  2237 | D:3      | Paralysed by a kobold for 7 turns
  2324 | D:3      | Found a sacrificial altar of Ru.
  2426 | D:3      | Found an iron altar of Okawaru.
  2935 | D:3      | Reached XP level 5. HP: 50/50 MP: 8/10
  3056 | D:3      | Reached skill level 4 in Spellcasting
  3063 | D:3      | Learned a level 4 spell: Ice Form
  3436 | D:4      | Reached XP level 6. HP: 61/61 MP: 8/12
  3482 | D:4      | Found a transporter.
  3486 | D:4      | Noticed bnorton916's ghost (amateur DEFE)
  3529 | D:4      | Found a snail-covered altar of Cheibriados.
  3699 | D:4      | Found a glowing silver altar of Zin.
  3736 | D:4      | Reached skill level 1 in Ice Magic
  3831 | D:4      | Reached skill level 1 in Poison Magic
  4315 | D:4      | Reached XP level 7. HP: 51/67 MP: 11/14
  4449 | D:4      | Found a broken altar of Ashenzari.
  4548 | D:4      | Reached skill level 5 in Spellcasting
  5225 | D:4      | Found a transporter.
  5537 | D:5      | Entered Level 5 of the Dungeon
  5715 | D:5      | Found Ruoji's Distillery.
  5725 | D:5      | Bought a potion of flight for 36 gold pieces
  5827 | D:5      | Reached XP level 8. HP: 60/78 MP: 8/16
  6062 | D:5      | Found an ancient bone altar of Kikubaaqudgha.
  6101 | D:5      | Reached skill level 6 in Spellcasting
  6467 | D:5      | Found a runed translucent door.
  6472 | D:5      | Noticed croobank's ghost (novice GnFE)
  6745 | D:6      | Noticed Dowan
  6885 | D:7      | HP: 2/79 [something (14)]
  6885 | D:7      | Succumbed to a scorpion's poison

Illustrated notes

Levels and vault maps discovered:
D:1:      minmay_arrival_radiant_lines, layout_loops_ring,
          ebering_ecumenical_altar_webs, solitary_fountain
D:2:      layout_basic, basic_altar
D:3:      minmay_octagon_keep, layout_rooms, lemuel_coloured_pillars_altar,
          mainiacjoe_overflow_six_doors_small, nicolae_ru_awakened_eye,
          mainiacjoe_overflow_brackets, kennysheep_generic_room_2, uniq_terence
D:4:      layout_loops_corners, lemuel_round_altar, lemuel_round_altar,
          slow_altar_1, gammafunk_ghost_stat_death, chequers_jeans,
          hangedman_decor_growths, kennysheep_small_circle
D:5:      layout_loops_ring, kiku_gazebo_garden_becter,
          ebering_ghost_reflecting_pool, serial_shops, nicolae_lakefront_shop,
          hangedman_decor_opposing
D:6:      layout_basic, uniq_grinder, uniq_duvessa, uniq_menkaure
D:7:      layout_loops_cross, tgw_xom, minmay_temple_entry_wispy,
          gammafunk_ghost_nasty_kobolds, minivault_14,
          nicolae_shop_overcharged_wands

Skill      XL: |  1  2  3  4  5  6  7  8 |
---------------+-------------------------+-----
Transmutations | 2 3 4 |  4.8
Dodging        | 2 3 |  3.5
Fighting       | 2 3 4 |  4.6
Spellcasting   | 3 4 5 6 |  6.2
Ice Magic      | 1 2 |  2.0
Poison Magic   | 1 2 |  2.0
Unarmed Combat | |  2.6

Action                   |  1- 3 |  4- 6 |  7- 9 || total
-------------------------+-------+-------+-------++-------
Melee: Unarmed           |    76 |   146 |   144 ||   366
       Kick              |    12 |    14 |       ||    26
       Headbutt          |     3 |     6 |       ||     9
       Punch             |     1 |     3 |       ||     4
 Cast: Beastly Appendage |    22 |    13 |     1 ||    36
       Spider Form       |     1 |    11 |    17 ||    29
       Ice Form          |       |       |     2 ||     2
 Abil: End Transformatio |       |       |     1 ||     1
 Stab: Sleeping          |     1 |       |       ||     1
Armor: Robe              |    33 |    24 |     4 ||    61
       Skin              |       |     2 |    11 ||    13
Dodge: Dodged            |    40 |    86 |    90 ||   216
